 Dungeon Crawl Stone Soup version 0.14-a0-2632-gd2f732a (webtiles) character file.

172 4tharraofdagon the Poker (level 4, -1/38 HPs)
             Began as a Centaur Gladiator on Feb 15, 2014.
             Slain by a phantom (4 damage)
             ... on Level 5 of the Dungeon.
             The game lasted 00:04:25 (914 turns).

4tharraofdagon the Poker (Centaur Gladiator)         Turns: 914, Time: 00:04:25

HP  -1/38        AC  9     Str 19      XL: 4   Next: 60%
MP   3/3         EV  8     Int 12      God:
Gold 63          SH  0     Dex  9      Spells:  0 memorised,  3 levels left

rFire  . . .     SeeInvis .     g - +3,-1 elf spear
rCold  . . .     Clarity  .     l - +2 orc ring mail
rNeg   . . .     Conserve .     (no shield)
rPois  .         rCorr    .     c - +0 helmet
rElec  .         rRot     .     k - +0 elf cloak
SustAb . .       Spirit   .     (no gloves)
rMut   .         Warding  .     (no barding)
Saprov . . .     Stasis   .     (no amulet)
MR     .....                    (no ring)
                                i - +5 ring of intelligence

@: very quick, not resistant to hostile enchantments, extremely unstealthy
A: hooves 3, deformed body, herbivore 1, speed 2, fast metabolism 1, tough skin
3
a: no special abilities


You were on level 5 of the Dungeon.
You were not hungry.

You visited 1 branch of the dungeon, and saw 5 of its levels.

You collected 63 gold pieces.

Inventory:

Hand weapons
 a - a +0,+0 trident
 g - a +3,-1 elven spear (weapon)
Missiles
 d - a throwing net (quivered)
Armour
 b - a +0 leather armour
 c - a +0 helmet (worn)
 k - a +0 elven cloak (worn)
 l - a +2 orcish ring mail (worn)
Magical devices
 j - a wand of paralysis (6)
Comestibles
 f - 3 bread rations
Scrolls
 e - 2 scrolls of noise {unknown}
 h - 4 scrolls of identify {unknown}
 m - a scroll of remove curse {unknown}
Jewellery
 i - a +5 ring of intelligence (left hand)


   Skills:
 + Level 3.0 Fighting
 * Level 3.7 Polearms
 - Level 2.6 Throwing
 + Level 1.2 Armour
 - Level 2.1 Dodging
 + Level 1.0 Evocations


You had 3 spell levels left.
You didn't know any spells.

Dungeon Overview and Level Annotations

Branches:
Dungeon (5/16)
 Temple: D:4-7

Altars:


Innate Abilities, Weirdness & Mutations

You have hooves in place of feet.
Armour fits poorly on your strangely shaped body.
You digest meat inefficiently.
You cover ground very quickly.
You have a fast metabolism.
You have extremely tough skin (AC +3).


Message History

You aren't carrying any potions.
You hit the worker ant. You kick the worker ant.
The worker ant is severely wounded.
The worker ant struggles against the net.
The phantom hits you but does no damage.
Unknown command.
The helpless worker ant fails to defend itself.
You hit the worker ant but do no damage.
The worker ant is severely wounded.
The worker ant struggles against the net.
The phantom hits you but does no damage.
Unknown command.
Unknown command.
You hit the worker ant.
The worker ant is almost dead.
The worker ant struggles against the net.
The net rips apart, and the worker ant comes free!
The worker ant bites you but does no damage.
The phantom hits you.
You die...

. #...##### ... ..c.
#..p....#....... .....
#...###.#......# ......
#.....#.#...J..# ...[...
####....#......# .......
#....#......# .......
#.###.......#
........#######(###.......##.
........OcKa@p........<...(..
........#######.###..........
....... #.##$..#.##.###
....... #'##... # ...####
...... . ...... ..... ..... .


You could see a phantom, an ogre, a centaur, a worker ant and a kobold.

Vanquished Creatures
  A jelly (D:5)
  An iguana (D:5)
  An adder (D:4)
  An ooze (D:3)
  An orc (D:4)
  A ball python (D:3)
  3 giant cockroaches
  7 jackals
  A quokka (D:2)
  A bat (D:1)
  4 giant newts
  6 goblins
  5 kobolds
  3 rats
36 creatures vanquished.

Notes
Turn   | Place    | Note
--------------------------------------------------------------
     0 | D:1      | 4tharraofdagon, the Centaur Gladiator, began the quest for the Orb.
     0 | D:1      | Reached XP level 1. HP: 17/17 MP: 1/1
   374 | D:1      | Reached XP level 2. HP: 23/25 MP: 2/2
   461 | D:2      | Reached skill level 3 in Polearms
   577 | D:2      | Reached XP level 3. HP: 9/30 MP: 3/3
   718 | D:5      | Entered Level 5 of the Dungeon
   718 | D:5      | Noticed a centaur
   823 | D:5      | Noticed a phantom
   882 | D:5      | Noticed a centaur
   882 | D:5      | Noticed an ogre
   891 | D:5      | Reached skill level 1 in Armour
   891 | D:5      | Reached XP level 4. HP: 34/37 MP: 3/3
   907 | D:5      | Reached skill level 1 in Evocations
   914 | D:5      | Slain by a phantom

Action                   |  1- 3 |  4- 6 || total
-------------------------+-------+-------++-------
Melee: Trident           |    14 |       ||    14
       Spear             |    98 |    17 ||   115
Throw: Throwing net      |     1 |     2 ||     3
Evoke: Wand              |     2 |     4 ||     6
  Use: Potion            |     2 |       ||     2
 Stab: Paralysed         |     4 |     5 ||     9
       Held in net/web   |       |     2 ||     2
